 Dungeon Crawl Stone Soup version 0.28.0-43-g3370ac3207 (webtiles) character file.

Game seed: 360760291628949702

9793 experimilk the Quickloader (level 11, -8/62 HPs)
             Began as a Kobold Arcane Marksman on Mar 12, 2022.
             Was an Elder of Fedhas.
             Killed from afar by an orc warrior (26 damage)
             ... with a bolt of acid
             ... on level 10 of the Dungeon.
             The game lasted 01:25:04 (23388 turns).

experimilk the Quickloader (KoAM)                  Turns: 23388, Time: 01:25:04

Health: -8/62      AC:  8    Str: 11    XL:     11   Next: 81%
Magic:  17/17      EV: 18    Int: 16    God:    Fedhas [****..]
Gold:   340        SH:  6    Dex: 18    Spells: 1/19 levels left

rFire   + . .      SeeInvis .   b - +2 flail (venom)
rCold   . . .      Faith    .   i - +0 buckler
rNeg    . . .      Spirit   .   z - +0 ring mail {rF+}
rPois   .          Reflect  .   r - +0 helmet
rElec   .          Harm     .   v - scarf {repulsion}
rCorr   .          Rampage  .   p - +0 pair of gloves {Dex+3}
Will    +....                   (no boots)
Stlth   +++.......              (no amulet)
HPRegen 0.20/turn               g - +4 ring of evasion
MPRegen 0.15/turn               H - ring of willpower

@: repel missiles
A: small, no large weapons, nightstalker 3
a: Renounce Religion, Wall of Briars, Grow Ballistomycete, Overgrow


You were on level 10 of the Dungeon.
You worshipped Fedhas.
Fedhas was greatly pleased with you.
You visited 2 branches of the dungeon, and saw 11 of its levels.
You also visited: Sewer.

You collected 616 gold pieces.
You spent 276 gold pieces at shops.

Inventory:

Hand Weapons
 a - a +2 hand crossbow
 b - a +2 flail of venom (weapon)
 h - a +2 mace of holy wrath
Missiles
 c - 31 bolts
 o - 199 stones
 G - 21 poisoned darts (quivered)
Armour
 d - a +0 robe
 i - a +0 buckler (worn)
 p - a +0 pair of gloves of dexterity (worn)
 r - a +0 helmet (worn)
 u - the +1 Delatra's gloves {ID++}
   (You found it on level 5 of the Dungeon)

   It heals its wearer when they drink unknown potions.
   It restores its wearer's MP when they read unknown scrolls.
 v - a scarf of repulsion (worn)
 z - a +0 ring mail of fire resistance (worn)
 B - a +2 robe of willpower
 F - a +3 scale mail
 N - a +0 leather armour
Jewellery
 g - a +4 ring of evasion (left hand)
 E - an amulet of faith
 H - a ring of willpower (right hand)
Wands
 m - a wand of iceblast (10)
 n - a wand of digging (5)
 x - a wand of acid (3)
 J - a wand of polymorph (6)
Scrolls
 e - 3 scrolls of fog
 f - a scroll of teleportation
 j - a scroll of torment
 k - 2 scrolls of fear
 l - a scroll of enchant armour {unknown}
 q - 2 scrolls of vulnerability
 t - a scroll of holy word {unknown}
 y - a scroll of summoning
 C - a scroll of amnesia {unknown}
 D - a scroll of magic mapping
 I - 2 scrolls of immolation
 L - a scroll of brand weapon {unknown}
Potions
 s - a potion of flight
 w - a potion of resistance
 A - 2 potions of might
 K - a potion of curing
 M - a potion of berserk rage


   Skills:
 + Level 4.3 Fighting
 - Level 4.5 Maces & Flails
 - Level 10.0 Crossbows
 - Level 4.5 Armour
 - Level 4.5 Dodging
 - Level 4.5 Stealth
 + Level 2.8 Shields
 - Level 4.5 Spellcasting
 - Level 9.0 Hexes
 * Level 6.6 Invocations
 - Level 4.5 Evocations


You had one spell level left.
You knew the following spells:

 Your Spells              Type           Power      Damage    Failure   Level
a - Slow                  Hex            100%       N/A       1%          1
b - Cause Fear            Hex            16%        N/A       14%         4
c - Tukima's Dance        Hex            32%        N/A       4%          3
d - Inner Flame           Hex/Fire       18%        N/A       26%         3
e - Portal Projectile     Hex/Tloc       36%        N/A       26%         3
f - Leda's Liquefaction   Hex/Erth       9%         N/A       65%         4

Your spell library contained the following spells:

 Spells                   Type           Power      Damage    Failure   Level
 Beastly Appendage        Tmut           6%         N/A       50%         1
 Foxfire                  Conj/Fire      12%        2x1d4     50%         1
 Static Discharge         Conj/Air       3%         N/A       63%         2
 Wereblood                Tmut           3%         N/A       63%         2
 Anguish                  Hex/Necr       9%         N/A       65%         4
 Call Canine Familiar     Summ           3%         N/A       86%         3
 Conjure Flame            Conj/Fire      3%         6-21      86%         3
 Spider Form              Tmut/Pois      3%         N/A       86%         3
 Dispel Undead            Necr           3%         3d7       99%         4
 Flame Wave               Conj/Fire      3%         2d4       99%         4
 Sticky Flame             Conj/Fire      3%         2d3       99%         4
 Enfeeble                 Hex            16%        N/A       100%        7


Dungeon Overview and Level Annotations

Branches:
Dungeon (10/15)            Temple (1/1) D:6            Lair (0/6) D:10
    Orc (0/2) D:10          Sewer (visited)

Altars:
Ashenzari
Cheibriados
Dithmenos
Elyvilon
Fedhas
Gozag
Hepliaklqana
Kikubaaqudgha
Makhleb
Nemelex Xobeh
Okawaru
Qazlal
Ru
Sif Muna
Trog
Uskayaw
Vehumet
Wu Jian
Xom
Yredelemnul
Zin
The Shining One

Shops:
D:1 [   D:3 ?   D:4 *


Innate Abilities, Weirdness & Mutations

You are small and have problems with some larger weapons.
You are completely attuned to the shadows.


Message History

You now have 340 gold pieces (gained 22).
You see here 25 arrows.
An orc comes into view. It is wielding a +0 trident.
Casting: Tukima's Dance (dangerous; 4% risk of failure)
Confirm with . or Enter, or press ? or * to list all spells.
Aiming: Tukima's Dance (dangerous; 4% risk of failure)
Press: ? - help, Shift-Dir - straight line, f - orc
Aim: an orc, wielding a +0 trident and wearing a +0 scale mail (wandering, hasn't noticed you, chance to affect: 77%)
The orc shouts!
The +0 trident dances into the air!
You block the orc's attack.
You hit the orc but do no damage.
The orc is poisoned.
You block the orc's attack.
You closely miss the orc.
The orc is moderately wounded.
You block the orc's attack.
You barely miss the orc.
The orc is severely wounded.
The orc barely misses you. The orc hits you but does no damage.
You barely miss the orc.
The orc is severely wounded.
You kill the orc!
Fedhas appreciates your contribution to the ecosystem.
You start resting.
Magic restored.
Casting: Tukima's Dance (dangerous; 4% risk of failure)
Confirm with . or Enter, or press ? or * to list all spells.
Aiming: Tukima's Dance (dangerous; 4% risk of failure)
Press: ? - help, Shift-Dir - straight line, f - you
Okay, then.
Found a staircase to the Orcish Mines.
The orc warrior zaps a wand.
The bolt of acid hits you!!
Ouch! That really hurt!
You closely miss the orc warrior. The orc warrior misses you.
You hit the orc warrior but do no damage.
The orc warrior closely misses you.
You closely miss the orc warrior. The orc warrior hits you!
* * * LOW HITPOINT WARNING * * *
The orc warrior zaps a wand.
The bolt of acid hits you!!
You die...
Fedhas appreciates your contribution to the ecosystem.

##.......####..#.....#
.....#.#.........############
.......#.......######.......##
.......#.####..####...####...###
.....##..# #...##...##..##....##
.........####..##......(........#
###..####...#..##..[.##..##.....#
.##..# #......#.....^####...##)#
#....# #...#.##@.##........###.#
.###.# ##.##.##o##########'# #.#
####.# ##...#.#...# . #.# .....#
#..#>..#..).. #.# ######
#....###....8. #.# ..#######...#
>...... #.. .#...≈...#..# ##.
...#...#....# ##.# ..##..P##...#
.. #.##


You could see an orc warrior.

Vanquished Creatures
  2 two-headed ogres
  Joseph (D:7)
  A gargoyle (D:10)
  A komodo dragon (D:10)
  Prince Ribbit (D:7)
  A wyvern (D:8)
  16 yaks
  A steam dragon (D:7)
  Menkaure (D:7)
  2 swamp worms (D:7)
  3 water moccasins
  Pargi (Sewer)
  2 orc warriors
  3 ice beasts
  2 sky beasts (D:5)
  A necrophage (D:7)
  An ogre (D:5)
  4 centaurs
  A phantom (D:7)
  4 kobold brigands
  Blork the orc (D:5)
  2 bullfrogs (D:8)
  A gnoll sergeant (D:10)
  A wyvern zombie (D:7)
  2 scorpions
  9 killer bees
  A howler monkey (D:10)
  3 centaur zombies
  A centaur skeleton (D:5)
  A gnoll shaman (D:4)
  2 hounds (D:5)
  Terence (D:3)
  Natasha (twice) (D:3)
  An iguana (D:4)
  5 orc wizards
  A killer bee zombie (D:6)
  2 hound skeletons
  7 gnolls
  8 adders
  A shadow imp (D:5)
  2 dart slugs
  4 worms
  9 orcs
  10 endoplasms
  6 giant cockroaches
  5 goblins
  5 hobgoblins
  5 jackals
  22 kobolds
  8 quokkas
  8 ball pythons
  13 bats
  A frilled lizard (D:1)
  6 rats
205 creatures vanquished.

Vanquished Creatures (collateral kills)
  A two-headed ogre (D:9)
  2 orc warriors (D:10)
  A killer bee (D:9)
  An orc (D:9)
  4 kobolds
  A ballistomycete spore (D:7)
10 creatures vanquished.

Vanquished Creatures (others)
  A yak (D:8)
  10 dancing weapons
  An orc wizard (D:6)
  79 plants
91 creatures vanquished.

Grand Total: 306 creatures vanquished

Notes
Turn   | Place    | Note
-------+----------+-------------------------------------------
     0 | D:1      | experimilk the Kobold Arcane Marksman began the quest for
                  | the Orb.
     0 | D:1      | Reached XP level 1. HP: 12/12 MP: 2/2
    54 | D:1      | Reached skill level 3 in Crossbows
    56 | D:1      | Reached XP level 2. HP: 15/16 MP: 1/3
   993 | D:1      | Reached skill level 4 in Crossbows
   993 | D:1      | Reached XP level 3. HP: 20/20 MP: 4/4
  1492 | D:1      | Found a blossoming altar of Fedhas.
  1497 | D:1      | Became a worshipper of Fedhas Madash
  1757 | D:1      | Found Ukhid's Antique Armour Shoppe.
  2012 | D:2      | Found a faded altar of an unknown god.
  2549 | D:2      | Reached skill level 5 in Crossbows
  2549 | D:2      | Reached XP level 4. HP: 22/25 MP: 3/5
  2650 | D:2      | Learned a level 4 spell: Cause Fear
  3338 | D:3      | Found Wefom's Magic Scroll Shoppe.
  3343 | D:3      | Bought a scroll of magic mapping for 42 gold pieces
  3343 | D:3      | Bought a scroll of identify for 24 gold pieces
  3873 | D:3      | Noticed Terence
  3900 | D:3      | Killed Terence
  3901 | D:3      | Reached skill level 1 in Stealth
  3901 | D:3      | Reached XP level 5. HP: 14/29 MP: 4/6
  3901 | D:3      | Reached * piety under Fedhas
  4563 | D:3      | You fall into a shaft and drop 3 floors!
  4615 | D:6      | Reached skill level 1 in Maces & Flails
  4824 | D:6      | Found a glowing drain.
  4834 | Sewer    | Entered a sewer
  4894 | Sewer    | Noticed Pargi
  4927 | Sewer    | Killed Pargi
  4928 | Sewer    | Reached skill level 1 in Invocations
  4928 | Sewer    | Reached XP level 6. HP: 31/35 MP: 4/7
  5056 | D:5      | Entered Level 5 of the Dungeon
  5104 | D:5      | Noticed a sky beast
  5647 | D:4      | Reached XP level 7. HP: 40/40 MP: 8/8
  5765 | D:4      | Found Tesoff's Assorted Antiques.
  5832 | D:4      | Reached ** piety under Fedhas
  6186 | D:5      | Found the +1 Delatra's gloves {ID++}
  6313 | D:5      | Reached skill level 6 in Crossbows
  6313 | D:5      | Reached skill level 1 in Shields
  7035 | D:4      | Found a shimmering blue altar of Sif Muna.
  7096 | D:4      | Reached XP level 8. HP: 41/45 MP: 6/9
  7727 | D:3      | Noticed Natasha
  7737 | D:3      | Killed Natasha
  7969 | D:3      | Noticed Natasha
  7974 | D:3      | Killed Natasha
  8717 | D:5      | Noticed Blork the orc
  8743 | D:5      | Killed Blork the orc
  8915 | D:5      | Reached skill level 1 in Evocations
  9154 | D:6      | Found a hide-covered altar of Uskayaw.
  9265 | D:6      | Reached skill level 5 in Hexes
  9273 | D:6      | Reached skill level 7 in Crossbows
  9273 | D:6      | Reached skill level 1 in Armour
  9484 | D:6      | Reached *** piety under Fedhas
  9485 | D:6      | Reached XP level 9. HP: 36/49 MP: 7/10
  9699 | D:6      | Found a staircase to the Ecumenical Temple.
  9714 | Temple   | Entered the Ecumenical Temple
 10290 | D:6      | Reached skill level 8 in Crossbows
 11117 | D:6      | Learned a level 3 spell: Tukima's Dance
 11288 | D:6      | Found an ancient bone altar of Kikubaaqudgha.
 11998 | D:7      | Reached XP level 10. HP: 18/54 MP: 2/11
 12209 | D:7      | Reached skill level 9 in Crossbows
 12288 | D:7      | HP: 1/54 [swamp worm (19)]
 12627 | D:7      | Noticed Prince Ribbit
 12648 | D:7      | Killed Prince Ribbit
 12912 | D:7      | Learned a level 3 spell: Inner Flame
 12932 | D:7      | Noticed Menkaure
 12977 | D:7      | Noticed Joseph
 13555 | D:8      | Found a white marble altar of Elyvilon.
 14170 | D:8      | Reached **** piety under Fedhas
 14187 | D:8      | Noticed a two-headed ogre
 14279 | D:8      | Killed a two-headed ogre
 14664 | D:8      | Reached skill level 10 in Crossbows
 16002 | D:8      | Reached XP level 11. HP: 27/58 MP: 14/16
 16409 | D:8      | Found a basalt altar of Yredelemnul.
 16773 | D:4      | Bought a pair of embroidered gloves for 210 gold pieces
 16789 | D:4      | Learned a level 3 spell: Portal Projectile
 17588 | D:7      | Killed Joseph
 19135 | D:7      | Killed Menkaure
 19697 | D:9      | Reached skill level 5 in Invocations
 20265 | D:9      | Noticed a two-headed ogre
 20287 | D:9      | Killed a two-headed ogre
 20967 | D:9      | Learned a level 4 spell: Leda's Liquefaction
 21045 | D:9      | Found a stormy altar of Qazlal.
 21123 | D:9      | Identified the +6 great mace of the Freezing Fool {vorpal,
                  | Int+3}
 21338 | D:10     | Entered Level 10 of the Dungeon
 22312 | D:10     | Noticed a two-headed ogre
 22346 | D:10     | Killed a two-headed ogre
 22947 | D:10     | Found a staircase to the Lair.
 23037 | D:10     | Found a shadowy altar of Dithmenos.
 23382 | D:10     | Found a staircase to the Orcish Mines.
 23388 | D:10     | Killed from afar by an orc warrior

Illustrated notes

Levels and vault maps discovered:
D:1:      eino_arrival_druids_welcome, layout_loops_cross, serial_shops,
          nicolae_square_shop, nicolae_concentric_dashed_squares_wild,
          minmay_curled_crystal, kennysheep_flooded_box
D:2:      layout_loops_corners, hellmonk_ecumenical_altar_zigzags
D:3:      minmay_recursive_quarters, layout_loops_ring, serial_bayou,
          serial_bayou_lagoon_a, serial_bayou_lake_a, serial_bayou_pond_a,
          serial_bayou_crossing, serial_shops, nicolae_shop_crystal,
          uniq_natasha, uniq_terence
D:4:      layout_basic, lemuel_round_altar, serial_shops, shop, serial_glass,
          glass_columns_b, glass_columns_c, item_on_display_a,
          minmay_strange_pillars, minmay_strange_pillars, minmay_strange_pillars
D:5:      layout_loops_ring, chequers_serial_rivers_marsh, serial_bayou_pond_b,
          uniq_blork_the_orc
D:6:      layout_loops_corners, nicolae_uskayaw_murder_on_the_dancefloor,
          mainiacjoe_overflow_brackets, minmay_temple_entry_stoned_glass,
          gup_sewer_entry_bubbles
D:7:      layout_basic, worms_lemuel, uniq_prince_ribbit1, uniq_joseph,
          uniq_menkaure
D:8:      layout_basic, kennysheep_ying_yang, chequers_serial_rivers_room_a
D:9:      layout_basic, mainiacjoe_overflow_chevrons
D:10:     layout_loops_ring, general_overflow_altar, dpeg_oklobed_lair,
          david_orc_1_choice
Temple:   bh_familiar_temple

Skill      XL: |  1  2  3  4  5  6  7  8  9 10 11 |
---------------+----------------------------------+-----
Crossbows      | 3 4 5 6 7 8 10 | 10.0
Stealth        | 1 2 3 4 |  4.5
Maces & Flails | 1 2 3 4 |  4.5
Invocations    | 1 2 4 6 |  6.6
Dodging        | 3 4 |  4.5
Fighting       | 2 4 |  4.3
Shields        | 1 2 |  2.8
Hexes          | 4 5 6 8 9 |  9.0
Evocations     | 2 4 |  4.5
Armour         | 1 2 4 |  4.5
Spellcasting   | 3 4 |  4.5

Action                   |  1- 3 |  4- 6 |  7- 9 | 10-12 || total
-------------------------+-------+-------+-------+-------++-------
Melee: Flail             |    59 |    98 |   221 |   236 ||   614
       Punch             |       |     1 |       |       ||     1
       Mace              |       |     8 |    39 |    44 ||    91
 Fire: Hand crossbow     |    39 |    28 |    46 |    76 ||   189
Throw: Dart              |       |       |     1 |       ||     1
 Cast: Slow              |    16 |    33 |    76 |    53 ||   178
       Tukima's Dance    |       |       |    10 |    30 ||    40
       Cause Fear        |       |       |       |     5 ||     5
Invok: Wall of Briars    |       |       |     1 |     5 ||     6
       Grow Ballistomyce |       |       |       |     1 ||     1
Evoke: Wand              |       |       |       |    12 ||    12
  Use: Scroll            |     1 |     5 |     8 |    11 ||    25
       Potion            |       |     1 |     3 |     5 ||     9
 Stab: Sleeping          |     1 |     4 |     2 |     1 ||     8
Armor: Robe              |     6 |     8 |    51 |    33 ||    98
       Skin              |       |       |     2 |       ||     2
       Ring mail         |       |       |       |    12 ||    12
Dodge: Dodged            |    46 |   117 |   216 |   303 ||   682
       Repelled          |       |       |       |     1 ||     1
Block: Buckler           |       |    19 |    63 |    91 ||   173
